 Dungeon Crawl Stone Soup version 0.27.1-33-g824d729ab1 (webtiles) character file.

Game seed: 3033249023276346214

1904 jlumianski the Skirmisher (level 9, -3/54 HPs)
             Began as a Gargoyle Monk on Dec 7, 2021.
             Slain by a bullfrog (6 damage)
             ... in the Ecumenical Temple.
             The game lasted 00:30:43 (6977 turns).

jlumianski the Skirmisher (Gargoyle Monk)           Turns: 6977, Time: 00:30:44

Health: -3/54      AC: 17    Str: 19    XL:     9   Next: 15%
Magic:  9/9        EV: 15    Int: 10    God:
Gold:   265        SH:  0    Dex: 12    Spells: 6/8 levels left

rFire    . . .     SeeInvis .   d - +2 dagger (venom)
rCold    + . .     Faith    .   (no shield)
rNeg     + . .     Spirit   .   h - +0 scale mail {rC+}
rPois    ∞         Reflect  .   (no helmet)
rElec    +         Harm     .   (no cloak)
rCorr    .         Rampage  .   (no gloves)
Will     .....                  (no boots)
Stlth    +.........             (no amulet)
HPRegen  0.18/turn              E - +4 ring of protection
MPRegen  0.11/turn              s - +4 ring of evasion

@: no status effects
A: sickness immunity, AC +6, negative energy resistance 1, electricity
resistance, torment resistance 1, petrification resistance, wild magic 1
a: no special abilities


You were in the Ecumenical Temple.
You visited 2 branches of the dungeon, and saw 7 of its levels.

You collected 265 gold pieces.

Inventory:

Hand Weapons
 a - a +0 hand axe
 d - a +2 dagger of venom (weapon)
 k - a +2 vorpal flail
 l - a +1 whip of venom
 m - a +0 hunting sling
 y - a +3 dagger
 z - a +0 war axe
 A - a +0 club
Missiles
 c - 80 stones (quivered)
 v - 31 bolts
 w - 22 sling bullets
 B - 4 boomerangs
Armour
 b - a +0 robe
 h - a +0 scale mail of cold resistance (worn)
 o - a +0 pair of gloves
 r - a +0 kite shield
Jewellery
 g - a +6 ring of dexterity
 s - a +4 ring of evasion (right hand)
 C - a +4 ring of evasion
 E - a +4 ring of protection (left hand)
Wands
 e - a wand of mindburst (3)
 i - a wand of paralysis (3)
 n - a wand of acid (8)
 p - a wand of flame (29)
Scrolls
 f - a scroll of noise
 q - 2 scrolls of teleportation
 u - a scroll of vulnerability
Potions
 t - a potion of magic
 x - a potion of ambrosia
 D - a potion of lignification {unknown}


   Skills:
 + Level 5.3 Fighting
 + Level 4.7 Short Blades
 + Level 4.2 Axes
 + Level 0.6 Throwing
 + Level 4.9 Armour
 + Level 4.3 Dodging
 + Level 4.2 Stealth
 * Level 4.0 Translocations
 + Level 1.3 Evocations


You had 6 spell levels left.
You knew the following spells:

 Your Spells              Type           Power      Damage    Failure   Level
a - Blink                 Tloc           N/A        N/A       38%         2

Your spell library contained the following spells:

 Spells                   Type           Power      Damage    Failure   Level
 Lesser Beckoning         Tloc           5%         N/A       61%         3
 Freeze                   Ice            0%         1d3       78%         1
 Corpse Rot               Necr/Air       N/A        N/A       89%         2
 Passwall                 Tmut/Erth      0%         N/A       89%         2
 Poisonous Vapours        Pois/Air       0%         N/A       89%         2
 Frozen Ramparts          Ice            0%         1d2       98%         3
 Swiftness                Air            0%         N/A       98%         3
 Hailstorm                Conj/Ice       0%         3d3       100%        4
 Freezing Cloud           Conj/Ice/Air   0%         6-21      100%        5
 Manifold Assault         Tloc           10%        N/A       100%        5
 Invisibility             Hex            0%         N/A       100%        6


Dungeon Overview and Level Annotations

Branches:
Dungeon (6/15)             Temple (1/1) D:6

Altars:
Fedhas
Gozag

Annotations:
D:3 3 runed translucent doors, Powertoast's ghost, weakling HOFi


Innate Abilities, Weirdness & Mutations

You are immune to sickness and miasma.
Your stone body is resilient. (AC +6)
You are immune to poison.
You resist negative energy. (rN+)
You are resistant to electric shocks. (rElec)
You are resistant to unholy torment.
You are immune to petrification.
Your spells are a little harder to cast, but a little more powerful.


Message History

You barely miss the orc wizard.
The orc wizard is almost dead.
The bullfrog hits you.
The orc wizard hits you but does no damage.
You hit the orc wizard.
You kill the orc wizard!
The orc warrior barely misses you. The bullfrog misses you.
Your scale mail prevents you from hitting the orc warrior.
The orc warrior is severely wounded.
The bullfrog hits you!
* * * LOW HITPOINT WARNING * * *
The orc warrior barely misses you.
Your scale mail prevents you from hitting the orc warrior.
The orc warrior is severely wounded.
The bullfrog barely misses you.
The orc warrior hits you with a +0 flail!
* * * LOW HITPOINT WARNING * * *
Okay, then.
The bullfrog looks more healthy.
The bullfrog hits you but does no damage.
The bullfrog closely misses you. The bullfrog barely misses you.
The orc warrior throws a boomerang.
The boomerang closely misses you.
The bullfrog hits you but does no damage.
As you open the door, it creaks loudly!
The bullfrog hits you but does no damage.
The bullfrog closely misses you.
You kill the orc warrior!
Your Translocations skill increases to level 4!
There is an open door here.
The bullfrog hits you but does no damage.
You hit the bullfrog.
The bullfrog is severely wounded.
The bullfrog hits you.
* * * LOW HITPOINT WARNING * * *
You hit the bullfrog.
The bullfrog is poisoned.
The bullfrog is almost dead.
The bullfrog closely misses you. The bullfrog hits you.
You die...

....... #......
#.....##
.......##
......#+
#.....##
#.....###..
#####F@.......
#+...'#........
#.....###.....#
#..<..# ##+###
#..)..# ##...##
#####


You could see a bullfrog (very poisoned).

Vanquished Creatures
  Eustachio (D:4)
  Menkaure (D:3)
  Edmund (D:4)
  2 orc warriors
  2 ogres
  A centaur (D:5)
  A gnoll sergeant (D:4)
  4 scorpions
  A water moccasin zombie (D:5)
  A bullfrog zombie (D:5)
  4 hounds
  2 orc priests (D:5)
  A centaur skeleton (D:5)
  A gnoll shaman (D:3)
  Ijyb (D:3)
  A bullfrog skeleton (D:5)
  Terence (D:3)
  An iguana (D:5)
  6 orc wizards
  A hound skeleton (D:4)
  9 gnolls
  3 adders
  2 worms (D:2)
  4 dart slugs
  8 orcs (D:5)
  8 ball pythons
  5 endoplasms
  6 giant cockroaches
  3 goblins
  5 hobgoblins
  3 jackals (D:4)
  3 quokkas
  7 bats
  2 frilled lizards (D:3)
  6 kobolds
  7 rats
115 creatures vanquished.

Notes
Turn   | Place    | Note
-------+----------+-------------------------------------------
     0 | D:1      | jlumianski the Gargoyle Monk began the quest for the Orb.
     0 | D:1      | Reached XP level 1. HP: 14/14 MP: 1/1
    86 | D:2      | Reached XP level 2. HP: 6/19 MP: 2/2
   537 | D:2      | Noticed Terence
   665 | D:3      | Killed Terence
   666 | D:3      | Reached XP level 3. HP: 15/24 MP: 3/3
  1014 | D:3      | Noticed Ijyb
  1016 | D:3      | Paralysed by Ijyb for 4 turns
  1025 | D:3      | Paralysed by Ijyb for 7 turns
  1035 | D:3      | Killed Ijyb
  1036 | D:3      | Reached XP level 4. HP: 15/29 MP: 4/4
  1199 | D:4      | Noticed Edmund
  1200 | D:4      | Noticed a scorpion
  1367 | D:4      | Killed Edmund
  1368 | D:4      | Reached skill level 4 in Fighting
  1368 | D:4      | Reached XP level 5. HP: 33/33 MP: 5/5
  1372 | D:5      | Entered Level 5 of the Dungeon
  1388 | D:4      | Noticed an ogre
  1581 | D:3      | Found a blossoming altar of Fedhas.
  1883 | D:2      | Learned a level 2 spell: Blink
  2255 | D:1      | Reached XP level 6. HP: 38/38 MP: 6/6
  2447 | D:1      | Found a faded altar of an unknown god.
  2689 | D:1      | Reached skill level 1 in Armour
  2940 | D:2      | Gained mutation: You are somewhat resistant to further
                  | mutation. [potion of mutation]
  2941 | D:2      | Lost mutation: You are somewhat resistant to further
                  | mutation. [potion of mutation]
  2941 | D:2      | Gained mutation: Your spells are a little harder to cast,
                  | but a little more powerful. [potion of mutation]
  2988 | D:3      | Found a runed translucent gate.
  2990 | D:3      | Found a runed translucent gate.
  2991 | D:3      | Found a runed translucent gate.
  2992 | D:3      | Found an opulent altar of Gozag.
  2994 | D:3      | Noticed Powertoast's ghost (weakling HOFi)
  3661 | D:3      | Reached skill level 1 in Translocations
  3674 | D:4      | Reached skill level 1 in Short Blades
  4006 | D:4      | Reached XP level 7. HP: 13/43 MP: 7/7
  4254 | D:4      | Noticed Menkaure
  4294 | D:3      | Killed Menkaure
  4804 | D:4      | Noticed Eustachio
  4819 | D:4      | Killed Eustachio
  5147 | D:4      | Reached XP level 8. HP: 47/48 MP: 8/8
  5373 | D:4      | Reached skill level 1 in Evocations
  6004 | D:5      | Reached skill level 5 in Fighting
  6432 | D:5      | Reached XP level 9. HP: 54/54 MP: 9/9
  6939 | D:6      | Found a staircase to the Ecumenical Temple.
  6948 | Temple   | Entered the Ecumenical Temple
  6977 | Temple   | Slain by a bullfrog

Illustrated notes

Levels and vault maps discovered:
D:1:      dpeg_arrival_solitude, layout_basic, chequers_ecumenical_altar_island
D:2:      layout_rooms, uniq_terence
D:3:      layout_loops_corners, mainiacjoe_overflow_24_doors,
          ebering_ghost_gozag, uniq_ijyb
D:4:      layout_basic, uniq_menkaure, uniq_edmund, uniq_eustachio
D:5:      layout_basic
D:6:      layout_basic, cheibriados_altar_1, old_standard_altar,
          nicolae_ru_awakened_eye,
          nicolae_gozag_cash_rules_everything_around_me, temple_fountains,
          nicolae_ossuary_entry_false_entrances
Temple:   nicolae_temple_figure_eight

Skill      XL: |  1  2  3  4  5  6  7  8  9 |
---------------+----------------------------+-----
Axes           | 3 4 |  4.2
Dodging        | 3 4 |  4.3
Fighting       | 4 5 |  5.3
Stealth        | 3 4 |  4.2
Armour         | 2 3 4 |  4.9
Translocations | 1 2 3 4 |  4.0
Short Blades   | 1 2 4 |  4.7
Evocations     | 1 |  1.3
Throwing       | |  0.6

Action                   |  1- 3 |  4- 6 |  7- 9 || total
-------------------------+-------+-------+-------++-------
Melee: Hand axe          |    57 |    53 |       ||   110
       Dagger            |       |   108 |   276 ||   384
Throw: Stone             |       |     4 |    12 ||    16
Evoke: Wand              |     4 |     3 |     7 ||    14
  Use: Scroll            |       |     4 |     2 ||     6
       Potion            |       |     4 |     1 ||     5
 Stab: Sleeping          |     2 |     4 |     1 ||     7
       Paralysed         |       |     9 |       ||     9
Armor: Robe              |     7 |       |       ||     7
       Skin              |     5 |       |       ||     5
       Scale mail        |    10 |    77 |    91 ||   178
Dodge: Dodged            |    28 |    96 |   224 ||   348
